 Dungeon Crawl Stone Soup version 0.30-a0-168-g0b976cbdc4 (webtiles) character file.

Game seed: 10280519120261149842

85405 qw the Severer (level 15, -5/96 HPs)
             Began as a Gargoyle Fighter on Sept 29, 2022.
             Was a High Priest of Okawaru.
             Slain by an orc knight
             ... wielding a +0 great mace
              (11 damage)
             ... on level 2 of the Orcish Mines.
             The game lasted 00:10:26 (27025 turns).

qw the Severer (Gargoyle Fighter)                  Turns: 27025, Time: 00:10:26

Health: -5/96      AC: 33    Str: 32    XL:     15   Next: 83%
Magic:  22/22      EV: 12    Int: 10    God:    Okawaru [*****.]
Gold:   1906       SH: 11    Dex:  9    Spells: 14/14 levels left

rFire   + . .      SeeInvis .    i - +1 broad axe
rCold   . . .      Faith    .    b - +0 kite shield
rNeg    + . .      Spirit   .    c - +3 plate armour {rF+}
rPois   inf        Reflect  .    q - +0 helmet
rElec   +          Harm     .    (no cloak)
rCorr   .          Rampage  .    s - +1 pair of gloves
Will    +....                    (no boots)
Stlth   ..........               w - amulet of the acrobat
HPRegen 0.26/turn                t - +6 ring of strength
MPRegen 0.18/turn                f - +4 ring of evasion

@: flying
A: sickness immunity, AC +11, big wings, negative energy resistance 1,
electricity resistance, torment resistance 1, petrification resistance
a: Renounce Religion, Heroism, Finesse, Duel


You were on level 2 of the Orcish Mines.
You worshipped Okawaru.
Okawaru was extremely pleased with you.
You visited 4 branches of the dungeon, and saw 23 of its levels.

You collected 2446 gold pieces.
You spent 540 gold pieces at shops.


Innate Abilities, Weirdness & Mutations

You are immune to sickness and miasma.
Your stone body is resilient. (AC +11)
You are immune to poison.
Your large and strong wings let you fly.
You resist negative energy. (rN+)
You are resistant to electric shocks. (rElec)
You are resistant to unholy torment.
You are immune to petrification.


   Skills:
 - Level 12.0 Fighting
 - Level 16.4 Axes
 + Level 6.5 Throwing
 - Level 11.1 Armour
 - Level 3.0 Dodging
 - Level 13.0 Shields
 - Level 10.0 Invocations


You had 14 spell levels left.
You didn't know any spells.
Your spell library was empty.

Inventory:

Hand Weapons
 i - a +1 broad axe (weapon)
 v - a +1 war axe of flaming
Missiles
 r - 5 boomerangs
 u - 5 silver javelins (quivered)
 y - 2 silver boomerangs
Armour
 b - a +0 kite shield (worn)
 c - a +3 plate armour of fire resistance (worn)
 l - the +0 kite shield of Least Resistance {Harm Dex+4}
   (Okawaru gifted it to you on level 4 of the Lair of Beasts)

   Dex:       It affects your dexterity (+4).
   Harm:      It increases damage dealt and taken.
 q - a +0 helmet (worn)
 s - a +1 pair of gloves (worn)
Jewellery
 f - a +4 ring of evasion (right hand)
 t - a +6 ring of strength (left hand)
 w - an amulet of the acrobat (around neck)
 x - a ring of protection from fire
Scrolls
 g - 12 scrolls of identify
Potions
 a - 4 potions of heal wounds
 d - 4 potions of might
 e - 7 potions of resistance
 h - 5 potions of mutation
 j - 4 potions of attraction
 k - 4 potions of haste
 m - 8 potions of curing
 n - a potion of magic
 o - 3 potions of cancellation
 p - a potion of lignification

Dungeon Overview and Level Annotations

Branches:
Dungeon (15/15)            Temple (1/1) D:4            Lair (5/5) D:11
  Swamp (0/4) Lair:3        Snake (0/4) Lair:2        Slime (0/5) Lair:4
    Orc (2/2) D:10            Elf (0/3) Orc:2        Vaults (0/5) D:14
 Depths (0/4) D:15

Altars:
Ashenzari
Cheibriados
Dithmenos
Elyvilon
Fedhas
Gozag
Hepliaklqana
Kikubaaqudgha
Makhleb
Nemelex Xobeh
Okawaru
Qazlal
Ru
Sif Muna
Trog
Uskayaw
Vehumet
Wu Jian
Xom
Yredelemnul
Zin
The Shining One

Shops:
D:5 =   D:13 *   Orc:2 !

Annotations:
D:2 1 runed translucent door, Crazy Yiuf
D:4 2 transporters, qw's ghost, amateur GrFi
D:7 3 runed translucent doors, qw's ghost, novice GrFi
D:11 2 runed translucent doors
D:12 1 runed translucent door, qw's ghost, journeyman GrFi
D:13 3 runed translucent doors, Iplucs's ghost, journeyman FeBe
Lair:3 3 runed translucent doors, qw's ghost, journeyman GrFi
Lair:4 1 runed translucent door


Message History

You kill the orc warrior!
Okawaru accepts your kill.
The orc warrior hits you from afar with a +0 glaive!
The orc knight shoots a bolt.
The bolt misses you.
The orc warrior shoots a bolt.
The bolt hits you!
The orc warrior shoots a bolt.
The bolt hits you but does no damage.
27020 ||| DRINKING 5 potions of heal wounds.
You feel much better.
The orc warrior hits you from afar with a +0 glaive.
The orc knight roars a battlecry!
The orc warrior goes into a battle-frenzy!
The orc warrior shoots a bolt.
You block the bolt.
The orc warrior shoots a bolt.
You block the bolt.
The orc warrior shoots a bolt.
The bolt barely misses you. The orc warrior closely misses you.
The orc knight unwields a +0 arbalest.
The orc knight wields a +0 great mace.
You block the orc knight's attack.
The orc warrior unwields a +0 arbalest.
The orc warrior wields a +0 great mace.
The orc warrior misses you.
The orc warrior unwields a +0 arbalest.
The orc warrior wields a +0 broad axe.
You block the orc warrior's attack.
You closely miss the orc knight. You slice the orc warrior!!
You closely miss the orc warrior. The orc warrior barely misses you.
The orc warrior shoots a bolt.
The bolt barely misses you. The orc knight barely misses you.
You block the orc warrior's attack. The orc warrior completely misses you.
You slash the orc warrior!
You kill the orc warrior!
Okawaru accepts your kill.
You miss the orc warrior. You barely miss the orc knight.
The orc warrior barely misses you.
You slice the orc knight!!
The orc knight is heavily wounded.
You slice the orc warrior!! The orc knight barely misses you.
The orc warrior barely misses you.
You closely miss the orc warrior.
The orc warrior is severely wounded.
You closely miss the orc knight.
You feel like a meek peon again.
The orc warrior hits you from afar with a +0 glaive!!
The orc knight hits you with a +0 great mace!
You die...

...........##############
........................#
........................
..##...###...##))##..##
.....~~# #~~...)).....##
....~~~# #~~~....).....#.
..~~~~## ##~~~~..........
~~~~### ###~~~~.)....#.
~~~## ##~~@~)....#
......oo)o......
.......o........
.####~~~~.....#.
~~~~......# ~~~..........
~~..........#.
~~..........##


You could see an orc knight and 3 orc warriors.

Vanquished Creatures
  Rupert (D:15)
  Agnes (D:15)
  An ironbound preserver (D:14)
  A stone giant (D:15)
  A dire elephant (Lair:5)
  2 yaktaur captains (D:15)
  4 hydras
  An ogre mage (D:15)
  4 catoblepae
  5 centaur warriors
  A deep troll shaman (Lair:5)
  6 two-headed ogres
  A death knight (D:15)
  4 boulder beetles
  4 death yaks (Lair:5)
  2 tengu warriors (D:13)
  An orc high priest (Orc:1)
  Amaemon (D:8)
  Sonja (Lair:3)
  2 bog bodies (Lair:3)
  An orc knight (Orc:2)
  3 phantasmal warriors (D:15)
  A wizard (D:14)
  A lindwurm (Lair:4)
  Pikel (D:6)
  11 ugly things
  4 manticores
  2 deep elf pyromancers (D:14)
  4 cyclopes
  A salamander (shapeshifter) (D:15)
  10 elephants
  3 gargoyles
  12 cane toads
  Maggie (D:6)
  11 black mambas
  An orange demon (D:8)
  A rime drake (Lair:4)
  12 komodo dragons
  Psyche (D:8)
  2 ice devils (Lair:2)
  A yaktaur (D:15)
  4 tengu conjurers
  4 kobold demonologists
  A troll (shapeshifter) (D:13)
  A polar bear (Lair:5)
  A meliai (shapeshifter) (D:15)
  6 trolls
  Prince Ribbit (D:6)
  5 slime creatures (D:13)
  10 dream sheep
  A centaur simulacrum (D:14)
  5 wyverns
  4 vampires
  A wraith (D:9)
  41 yaks
  7 basilisks
  A human (D:10)
  3 swamp worms (Lair:3)
  Grum (D:10)
  Menkaure (D:6)
  12 wargs
  An acid dragon (D:9)
  15 water moccasins
  2 sky beasts
  3 black bears
  36 orc warriors
  5 ogres
  18 wolves
  20 centaurs
  3 lemures (D:6)
  A phantom (D:7)
  2 kobold brigands
  8 bullfrogs
  3 necrophages
  A gnoll sergeant (D:8)
  2 scorpions
  7 wights (D:10)
  A jelly (D:4)
  8 killer bees
  7 electric eels
  7 howler monkeys
  12 orc priests
  A gnoll bouda (D:7)
  3 hounds
  An iguana (D:5)
  23 orc wizards
  7 adders
  14 gnolls
  2 worms
  3 dart slugs
  85 orcs
  7 endoplasms
  3 giant cockroaches
  12 goblins
  10 hobgoblins
  7 jackals
  4 quokkas
  9 ball pythons
  6 bats
  4 frilled lizards (D:2)
  10 kobolds
  8 rats
619 creatures vanquished.

Vanquished Creatures (others)
  A centaur (Orc:2)
  23 fungi
  40 plants
64 creatures vanquished.

Grand Total: 683 creatures vanquished

Notes
Turn   | Place    | Note
-------+----------+-------------------------------------------
     0 | D:1      | qw the Gargoyle Fighter began the quest for the Orb.
     0 | D:1      | Reached XP level 1. HP: 14/14 MP: 1/1
     0 | D:1      | 0 ||| qw: Version: 0.2-a-12-gaebbb33
     0 | D:1      | 0 ||| qw: Game counter: 1141
     0 | D:1      | 0 ||| qw: Always use a shield: true
     0 | D:1      | 0 ||| qw: God list: Okawaru
     0 | D:1      | 0 ||| qw: Allow faded altars: false
     0 | D:1      | 0 ||| qw: Do Orc after D:15 true
     0 | D:1      | 0 ||| qw: Do second Lair branch before Depths: true
     0 | D:1      | 0 ||| qw: Lair rune preference: random
     0 | D:1      | 0 ||| qw: Plans: Normal, Zot:1-4, God:TSO, Crypt, Tomb,
                  | Pan, Slime:5, Hells, Abyss, Orb
     0 | D:1      | 0 ||| PLANNING D:1-11
    46 | D:1      | Reached skill level 2 in Axes
    46 | D:1      | Reached XP level 2. HP: 9/19 MP: 2/2
   290 | D:1      | Found a faded altar of an unknown god.
   424 | D:1      | 424 ||| Stepping ~*~*~tactically~*~*~ (stealth).
   605 | D:1      | 605 ||| Stepping ~*~*~tactically~*~*~ (hiding).
   608 | D:1      | 608 ||| Stepping ~*~*~tactically~*~*~ (hiding).
   652 | D:1      | Reached skill level 3 in Axes
   682 | D:1      | Reached XP level 3. HP: 23/23 MP: 3/3
   843 | D:1      | 843 ||| DROPPING +0 club.
  1131 | D:1      | 1131 ||| DROPPING amulet of faith.
  1132 | D:1      | 1132 ||| READING scroll labelled NILORAILAG.
  1135 | D:1      | 1135 ||| READING scroll labelled METURO ZAZAO.
  1136 | D:1      | 1136 ||| READING 7 scrolls labelled QEUVUR YNOIFUANK.
  1137 | D:1      | 1137 ||| READING scroll labelled CAOGEKLAIMN.
  1138 | D:1      | 1138 ||| READING 6 scrolls of identify.
  1138 | D:1      | 1138 ||| IDENTIFYING sedimented green potion
  1139 | D:1      | 1139 ||| READING 5 scrolls of identify.
  1139 | D:1      | 1139 ||| IDENTIFYING fuming clear potion
  1140 | D:1      | 1140 ||| DROPPING potion of flight.
  1141 | D:1      | 1141 ||| DROPPING potion of degeneration.
  1523 | D:2      | 1523 ||| Stepping ~*~*~tactically~*~*~ (stealth).
  1526 | D:2      | 1526 ||| Stepping ~*~*~tactically~*~*~ (stealth).
  1527 | D:2      | 1527 ||| Stepping ~*~*~tactically~*~*~ (stealth).
  1558 | D:2      | 1558 ||| FLEEEEING.
  1559 | D:2      | 1559 ||| FLEEEEING.
  1560 | D:2      | 1560 ||| FLEEEEING.
  1562 | D:2      | 1562 ||| FLEEEEING.
  1563 | D:2      | 1563 ||| FLEEEEING.
  1564 | D:2      | 1564 ||| FLEEEEING.
  1565 | D:2      | 1565 ||| FLEEEEING.
  1566 | D:2      | 1566 ||| FLEEEEING.
  1567 | D:2      | 1567 ||| FLEEEEING.
  1568 | D:2      | 1568 ||| FLEEEEING.
  1569 | D:2      | 1569 ||| FLEEEEING.
  1571 | D:2      | 1571 ||| FLEEEEING.
  1572 | D:2      | 1572 ||| FLEEEEING.
  1573 | D:2      | 1573 ||| FLEEEEING.
  1575 | D:2      | 1575 ||| FLEEEEING.
  1576 | D:2      | 1576 ||| FLEEEEING.
  1577 | D:2      | 1577 ||| FLEEEEING.
  1579 | D:2      | 1579 ||| FLEEEEING.
  1580 | D:2      | 1580 ||| FLEEEEING.
  1581 | D:2      | 1581 ||| FLEEEEING.
  1582 | D:2      | 1582 ||| FLEEEEING.
  1584 | D:2      | 1584 ||| FLEEEEING.
  1585 | D:2      | 1585 ||| FLEEEEING.
  1586 | D:2      | 1586 ||| FLEEEEING.
  1587 | D:2      | 1587 ||| FLEEEEING.
  1588 | D:2      | 1588 ||| FLEEEEING.
  1589 | D:2      | 1589 ||| FLEEEEING.
  1590 | D:2      | 1590 ||| FLEEEEING.
  1591 | D:2      | 1591 ||| FLEEEEING.
  1592 | D:2      | 1592 ||| FLEEEEING.
  1593 | D:2      | 1593 ||| FLEEEEING.
  1594 | D:2      | 1594 ||| FLEEEEING.
  1595 | D:2      | 1595 ||| FLEEEEING.
  1596 | D:2      | 1596 ||| FLEEEEING.
  1597 | D:2      | 1597 ||| FLEEEEING.
  1598 | D:2      | 1598 ||| FLEEEEING.
  1599 | D:2      | 1599 ||| FLEEEEING.
  1601 | D:2      | 1601 ||| FLEEEEING.
  1603 | D:2      | 1603 ||| FLEEEEING.
  1604 | D:2      | 1604 ||| FLEEEEING.
  1605 | D:2      | 1605 ||| FLEEEEING.
  1606 | D:2      | 1606 ||| FLEEEEING.
  1607 | D:2      | 1607 ||| FLEEEEING.
  1608 | D:2      | 1608 ||| FLEEEEING.
  1609 | D:2      | 1609 ||| FLEEEEING.
  1610 | D:2      | 1610 ||| FLEEEEING.
  1611 | D:2      | 1611 ||| FLEEEEING.
  1612 | D:2      | 1612 ||| FLEEEEING.
  1613 | D:2      | 1613 ||| FLEEEEING.
  1614 | D:2      | 1614 ||| FLEEEEING.
  1615 | D:2      | 1615 ||| FLEEEEING.
  1617 | D:2      | 1617 ||| FLEEEEING.
  1620 | D:2      | 1620 ||| FLEEEEING.
  1621 | D:2      | 1621 ||| FLEEEEING.
  1622 | D:2      | 1622 ||| FLEEEEING.
  1667 | D:2      | Found a runed translucent door.
  1668 | D:2      | Noticed Crazy Yiuf
  1700 | D:2      | Reached XP level 4. HP: 28/28 MP: 4/4
  1956 | D:2      | You fall into a shaft and drop 1 floor!
  1972 | D:3      | Reached skill level 4 in Axes
  1972 | D:3      | Identified the ring "Zasil" {Fly Dex+2}
  2002 | D:3      | 2002 ||| Stepping ~*~*~tactically~*~*~ (hiding).
  2189 | D:3      | 2189 ||| UPGRADING to ring "Zasil" {Fly Dex+2}.
  2190 | D:3      | 2190 ||| READING 2 scrolls labelled DIM CEUTSUZIS.
  2191 | D:3      | 2191 ||| READING scroll of enchant weapon.
  2191 | D:3      | 2191 ||| ENCHANTING +1 war axe.
  2192 | D:3      | 2192 ||| READING scroll labelled IKHEIPNOUH.
  2193 | D:3      | 2193 ||| READING scroll labelled ERHARECSAQIR.
  2194 | D:3      | 2194 ||| READING 6 scrolls of identify.
  2194 | D:3      | 2194 ||| IDENTIFYING sapphire potion
  2195 | D:3      | 2195 ||| READING 5 scrolls of identify.
  2195 | D:3      | 2195 ||| IDENTIFYING red potion
  2196 | D:3      | 2196 ||| DROPPING potion of magic.
  2372 | D:2      | 2372 ||| READING scroll labelled GIMNAY NELA.
  2446 | D:3      | Reached skill level 1 in Dodging
  2446 | D:3      | Reached XP level 5. HP: 13/32 MP: 5/5
  2660 | D:3      | 2660 ||| Stepping ~*~*~tactically~*~*~ (stealth).
  2671 | D:3      | 2671 ||| Stepping ~*~*~tactically~*~*~ (stealth).
  2689 | D:3      | 2689 ||| Stepping ~*~*~tactically~*~*~ (hiding).
  2690 | D:3      | 2690 ||| Stepping ~*~*~tactically~*~*~ (hiding).
  2721 | D:3      | 2721 ||| Stepping ~*~*~tactically~*~*~ (stealth).
  2726 | D:3      | 2726 ||| Stepping ~*~*~tactically~*~*~ (stealth).
  2929 | D:3      | 2929 ||| Stepping ~*~*~tactically~*~*~ (stealth).
  2950 | D:3      | 2950 ||| Stepping ~*~*~tactically~*~*~ (stealth).
  2954 | D:3      | 2954 ||| Stepping ~*~*~tactically~*~*~ (stealth).
  3095 | D:3      | Reached skill level 5 in Axes
  3334 | D:3      | 3334 ||| READING scroll labelled YSKAWK DACU.
  3335 | D:3      | 3335 ||| READING scroll labelled SOBROIWUOR.
  3336 | D:3      | 3336 ||| READING 6 scrolls of identify.
  3336 | D:3      | 3336 ||| IDENTIFYING lumpy golden potion
  3337 | D:3      | 3337 ||| READING 5 scrolls of identify.
  3337 | D:3      | 3337 ||| IDENTIFYING bubbling blue potion
  3338 | D:3      | 3338 ||| READING 4 scrolls of identify.
  3338 | D:3      | 3338 ||| IDENTIFYING metallic clear potion
  3356 | D:4      | 3356 ||| STAIRDANCE
  3377 | D:4      | 3377 ||| STAIRDANCE
  3525 | D:4      | 3525 ||| FLEEEEING.
  3526 | D:4      | 3526 ||| FLEEEEING.
  3527 | D:4      | 3527 ||| FLEEEEING.
  3528 | D:4      | 3528 ||| FLEEEEING.
  3529 | D:4      | 3529 ||| FLEEEEING.
  3530 | D:4      | 3530 ||| FLEEEEING.
  3531 | D:4      | 3531 ||| FLEEEEING.
  3532 | D:4      | 3532 ||| FLEEEEING.
  3533 | D:4      | 3533 ||| FLEEEEING.
  3534 | D:4      | 3534 ||| FLEEEEING.
  3535 | D:4      | 3535 ||| FLEEEEING.
  3536 | D:4      | 3536 ||| FLEEEEING.
  3696 | D:4      | Reached XP level 6. HP: 38/38 MP: 6/6
  3719 | D:4      | 3719 ||| Stepping ~*~*~tactically~*~*~ (stealth).
  3720 | D:4      | Found a staircase to the Ecumenical Temple.
  3721 | D:4      | 3721 ||| PLANNING TEMPLE
  3721 | D:4      | 3721 ||| FLEEEEING.
  3722 | D:4      | 3722 ||| FLEEEEING.
  3723 | D:4      | 3723 ||| FLEEEEING.
  3730 | D:4      | Reached skill level 1 in Throwing
  3967 | D:4      | 3967 ||| UPGRADING to +4 ring of evasion.
  3968 | D:4      | 3968 ||| READING 3 scrolls of identify.
  3968 | D:4      | 3968 ||| IDENTIFYING orange potion
  3978 | Temple   | Entered the Ecumenical Temple
  4160 | Temple   | 4160 ||| PLANNING OKAWARU WORSHIP
  4304 | Temple   | Became a worshipper of Warmaster Okawaru
  4305 | Temple   | 4305 ||| PLANNING D:1-11
  4349 | D:4      | 4349 ||| Stepping ~*~*~tactically~*~*~ (stealth).
  4679 | D:4      | 4679 ||| READING scroll labelled RILLOTOACK.
  4680 | D:4      | 4680 ||| FLEEEEING.
  4681 | D:4      | 4681 ||| FLEEEEING.
  4682 | D:4      | 4682 ||| FLEEEEING.
  4683 | D:4      | 4683 ||| FLEEEEING.
  4684 | D:4      | 4684 ||| FLEEEEING.
  4685 | D:4      | 4685 ||| FLEEEEING.
  4686 | D:4      | 4686 ||| FLEEEEING.
  4687 | D:4      | 4687 ||| FLEEEEING.
  4688 | D:4      | 4688 ||| FLEEEEING.
  4689 | D:4      | 4689 ||| FLEEEEING.
  4690 | D:4      | 4690 ||| FLEEEEING.
  4691 | D:4      | 4691 ||| FLEEEEING.
  4692 | D:4      | 4692 ||| FLEEEEING.
  4693 | D:4      | 4693 ||| FLEEEEING.
  4694 | D:4      | 4694 ||| FLEEEEING.
  4695 | D:4      | 4695 ||| FLEEEEING.
  4696 | D:4      | 4696 ||| FLEEEEING.
  4697 | D:4      | 4697 ||| FLEEEEING.
  4698 | D:4      | 4698 ||| FLEEEEING.
  4699 | D:4      | 4699 ||| FLEEEEING.
  4701 | D:4      | 4701 ||| FLEEEEING.
  4702 | D:4      | 4702 ||| FLEEEEING.
  4703 | D:4      | 4703 ||| FLEEEEING.
  4705 | D:4      | 4705 ||| FLEEEEING.
  4984 | D:4      | Identified the +0 giant spiked club of Annoyance {speed,
                  | Str-4 Int+5}
  4984 | D:4      | Noticed qw's ghost (amateur GrFi)
  4986 | D:4      | Found a transporter.
  4986 | D:4      | Found a transporter.
  5016 | D:5      | Entered Level 5 of the Dungeon
  5070 | D:5      | Reached XP level 7. HP: 44/44 MP: 7/7
  5198 | D:5      | 5198 ||| Stepping ~*~*~tactically~*~*~ (hiding).
  5262 | D:5      | 5262 ||| DROPPING +1 mace of protection.
  5265 | D:5      | 5265 ||| READING 2 scrolls of identify.
  5265 | D:5      | 5265 ||| IDENTIFYING bubbling yellow potion
  5266 | D:5      | 5266 ||| DRINKING potion of experience.
  5266 | D:5      | Reached skill level 12 in Axes
  5266 | D:5      | Reached XP level 8. HP: 48/48 MP: 8/8
  5267 | D:5      | 5267 ||| READING scroll of teleportation.
  5583 | D:5      | Found Henob's Jewellery Shop.
  5590 | D:5      | 5590 ||| SHOPLISTING amulet of reflection (360 gold, have
                  | 148).
  5590 | D:5      | 5590 ||| SHOPLISTING amulet of the acrobat (360 gold, have
                  | 148).
  5590 | D:5      | 5590 ||| SHOPLISTING ring "Raxzyos" {Ice rN+ Str+3} (510
                  | gold, have 148).
  5590 | D:5      | 5590 ||| SHOPLISTING ring of fire (300 gold, have 148).
  5590 | D:5      | 5590 ||| SHOPLISTING ring of ice (300 gold, have 148).
  5590 | D:5      | 5590 ||| SHOPLISTING ring of protection from cold (300
                  | gold, have 148).
  5840 | D:5      | 5840 ||| DROPPING +2 leather armour of cold resistance.
  5841 | D:5      | 5841 ||| UPGRADING to +0 plate armour.
  5851 | D:5      | 5851 ||| DROPPING +0 scale mail.
  5869 | D:6      | 5869 ||| STAIRDANCE
  5875 | D:5      | Reached * piety under Okawaru
  5918 | D:6      | Noticed Menkaure
  5919 | D:6      | 5919 ||| Stepping ~*~*~tactically~*~*~ (hiding).
  5920 | D:6      | 5920 ||| Stepping ~*~*~tactically~*~*~ (hiding).
  5921 | D:6      | 5921 ||| Stepping ~*~*~tactically~*~*~ (hiding).
  5923 | D:6      | 5923 ||| Stepping ~*~*~tactically~*~*~ (hiding).
  5924 | D:6      | 5924 ||| Stepping ~*~*~tactically~*~*~ (hiding).
  5925 | D:6      | 5925 ||| Stepping ~*~*~tactically~*~*~ (hiding).
  5926 | D:6      | 5926 ||| Stepping ~*~*~tactically~*~*~ (hiding).
  5929 | D:6      | 5929 ||| INVOKING Heroism.
  5937 | D:6      | Killed Menkaure
  5938 | D:6      | Reached skill level 1 in Invocations
  6015 | D:6      | Noticed Pikel
  6016 | D:6      | 6016 ||| Stepping ~*~*~tactically~*~*~ (stealth).
  6017 | D:6      | 6017 ||| INVOKING Heroism.
  6018 | D:6      | 6018 ||| Stepping ~*~*~tactically~*~*~ (stealth).
  6020 | D:6      | 6020 ||| Stepping ~*~*~tactically~*~*~ (stealth).
  6034 | D:6      | Killed Pikel
  6035 | D:6      | Reached XP level 9. HP: 32/54 MP: 8/11
  6156 | D:6      | 6156 ||| READING scroll of enchant weapon.
  6156 | D:6      | 6156 ||| ENCHANTING +2 war axe.
  6166 | D:6      | 6166 ||| Stepping ~*~*~tactically~*~*~ (hiding).
  6206 | D:6      | Found a shimmering blue altar of Sif Muna.
  6209 | D:6      | Found a sacrificial altar of Ru.
  6212 | D:6      | Found a glowing golden altar of the Shining One.
  6213 | D:6      | 6213 ||| Stepping ~*~*~tactically~*~*~ (hiding).
  6217 | D:6      | 6217 ||| INVOKING Heroism.
  6227 | D:6      | Reached skill level 3 in Invocations
  6239 | D:6      | Found a glowing silver altar of Zin.
  6303 | D:6      | 6303 ||| Stepping ~*~*~tactically~*~*~ (hiding).
  6303 | D:6      | Noticed Maggie
  6304 | D:6      | 6304 ||| Stepping ~*~*~tactically~*~*~ (hiding).
  6305 | D:6      | 6305 ||| Stepping ~*~*~tactically~*~*~ (hiding).
  6306 | D:6      | 6306 ||| INVOKING Heroism.
  6315 | D:6      | Killed Maggie
  6315 | D:6      | Reached ** piety under Okawaru
  6319 | D:6      | HP: 12/55 [orc priest/divine providence (10)]
  6320 | D:6      | 6320 ||| DRINKING potion of heal wounds.
  6515 | D:6      | Noticed Prince Ribbit
  6516 | D:6      | 6516 ||| INVOKING Heroism.
  6535 | D:6      | Killed Prince Ribbit
  6536 | D:6      | Reached skill level 6 in Fighting
  6916 | D:7      | 6916 ||| STAIRDANCE
  7026 | D:7      | Found a runed translucent gate.
  7040 | D:7      | Found a runed translucent gate.
  7041 | D:7      | Found a runed translucent gate.
  7043 | D:7      | Noticed qw's ghost (novice GrFi)
  7224 | D:7      | 7224 ||| INVOKING Heroism.
  7329 | D:7      | Reached XP level 10. HP: 61/61 MP: 13/13
  7370 | D:7      | 7370 ||| INVOKING Heroism.
  7537 | D:7      | 7537 ||| INVOKING Heroism.
  7842 | D:7      | 7842 ||| READING scroll labelled JERCHI JATATA.
  7907 | D:7      | 7907 ||| READING scroll labelled JEIFFULYNK.
  7908 | D:7      | 7908 ||| READING 4 scrolls of identify.
  7908 | D:7      | 7908 ||| IDENTIFYING sedimented dark potion
  7909 | D:7      | 7909 ||| DROPPING potion of invisibility.
  7947 | D:8      | 7947 ||| Stepping ~*~*~tactically~*~*~ (hiding).
  7987 | D:8      | 7987 ||| Stepping ~*~*~tactically~*~*~ (hiding).
  7989 | D:8      | 7989 ||| Stepping ~*~*~tactically~*~*~ (hiding).
  7995 | D:8      | 7995 ||| STAIRDANCE
  8099 | D:8      | 8099 ||| STAIRDANCE
  8103 | D:8      | 8103 ||| STAIRDANCE
  8105 | D:7      | 8105 ||| INVOKING Heroism.
  8145 | D:8      | 8145 ||| STAIRDANCE
  8184 | D:8      | 8184 ||| STAIRDANCE
  8214 | D:8      | 8214 ||| Stepping ~*~*~tactically~*~*~ (hiding).
  8218 | D:8      | 8218 ||| INVOKING Heroism.
  8244 | D:8      | Found a sparkling altar of Nemelex Xobeh.
  8295 | D:8      | 8295 ||| DROPPING +0 flail.
  8305 | D:8      | Noticed Amaemon
  8306 | D:8      | 8306 ||| Stepping ~*~*~tactically~*~*~ (hiding).
  8313 | D:8      | 8313 ||| INVOKING Heroism.
  8317 | D:8      | Noticed an orange demon
  8330 | D:8      | 8330 ||| DRINKING 6 potions of curing.
  8330 | D:8      | 8330 ||| (to cure confusion)
  8331 | D:8      | Killed Amaemon
  8332 | D:8      | Reached skill level 6 in Armour
  8336 | D:8      | Killed an orange demon
  8336 | D:8      | Reached *** piety under Okawaru
  8501 | D:8      | 8501 ||| DROPPING +0 flail of protection.
  8568 | D:8      | Noticed Psyche
  8569 | D:8      | 8569 ||| Stepping ~*~*~tactically~*~*~ (hiding).
  8572 | D:8      | 8572 ||| INVOKING Heroism.
  8575 | D:8      | Killed Psyche
  8739 | D:8      | 8739 ||| Stepping ~*~*~tactically~*~*~ (hiding).
  8850 | D:8      | 8850 ||| INVOKING Heroism.
  8901 | D:8      | 8901 ||| Stepping ~*~*~tactically~*~*~ (stealth).
  9012 | D:8      | 9012 ||| Stepping ~*~*~tactically~*~*~ (stealth).
  9041 | D:8      | 9041 ||| Stepping ~*~*~tactically~*~*~ (hiding).
  9042 | D:8      | 9042 ||| Stepping ~*~*~tactically~*~*~ (hiding).
  9160 | D:8      | 9160 ||| Stepping ~*~*~tactically~*~*~ (stealth).
  9185 | D:8      | 9185 ||| INVOKING Heroism.
  9333 | D:8      | 9333 ||| UPGRADING to +0 kite shield.
  9343 | D:8      | 9343 ||| DROPPING +0 buckler.
  9400 | D:9      | 9400 ||| Stepping ~*~*~tactically~*~*~ (stealth).
  9403 | D:9      | 9403 ||| Stepping ~*~*~tactically~*~*~ (stealth).
  9436 | D:9      | Found a flagged portal.
  9437 | D:9      | 9437 ||| INVOKING Heroism.
  9559 | D:9      | 9559 ||| INVOKING Heroism.
  9569 | D:9      | 9569 ||| Stepping ~*~*~tactically~*~*~ (hiding).
  9570 | D:9      | 9570 ||| Stepping ~*~*~tactically~*~*~ (hiding).
  9571 | D:9      | 9571 ||| Stepping ~*~*~tactically~*~*~ (hiding).
  9634 | D:9      | 9634 ||| INVOKING Heroism.
  9764 | D:9      | 9764 ||| INVOKING Heroism.
  9989 | D:9      | Noticed a two-headed ogre
  9990 | D:9      | 9990 ||| INVOKING Heroism.
 10004 | D:9      | Killed a two-headed ogre
 10004 | D:9      | Reached **** piety under Okawaru
 10005 | D:9      | Reached skill level 6 in Shields
 10005 | D:9      | Reached XP level 11. HP: 68/68 MP: 12/14
 10034 | D:9      | Found a broken altar of Ashenzari.
 10097 | D:9      | Noticed a two-headed ogre
 10098 | D:9      | 10098 ||| INVOKING Heroism.
 10109 | D:9      | Killed a two-headed ogre
 10241 | D:9      | 10241 ||| Stepping ~*~*~tactically~*~*~ (hiding).
 10512 | D:9      | 10512 ||| UPGRADING to +1 plate armour of fire resistance.
 10522 | D:9      | 10522 ||| DROPPING +0 plate armour.
 10523 | D:9      | 10523 ||| READING scroll labelled HIOFIHUA NOYBAL.
 10546 | D:10     | Entered Level 10 of the Dungeon
 10571 | D:10     | Noticed Grum
 10572 | D:10     | 10572 ||| INVOKING Heroism.
 10579 | D:10     | Killed Grum
 10589 | D:10     | 10589 ||| Stepping ~*~*~tactically~*~*~ (hiding).
 10597 | D:10     | HP: 15/68 [warg (10)]
 10598 | D:10     | 10598 ||| READING 2 scrolls of teleportation.
 10599 | D:10     | 10599 ||| DRINKING 2 potions of heal wounds.
 10600 | D:10     | 10600 ||| INVOKING Heroism.
 10627 | D:10     | 10627 ||| Stepping ~*~*~tactically~*~*~ (stealth).
 10628 | D:10     | 10628 ||| Stepping ~*~*~tactically~*~*~ (stealth).
 10638 | D:10     | 10638 ||| INVOKING Heroism.
 10676 | D:10     | 10676 ||| Stepping ~*~*~tactically~*~*~ (stealth).
 10707 | D:10     | 10707 ||| INVOKING Heroism.
 10710 | D:10     | 10710 ||| DRINKING 5 potions of curing.
 10710 | D:10     | 10710 ||| (to cure confusion)
 10784 | D:10     | 10784 ||| Stepping ~*~*~tactically~*~*~ (stealth).
 10786 | D:10     | 10786 ||| Stepping ~*~*~tactically~*~*~ (stealth).
 10791 | D:10     | 10791 ||| INVOKING Heroism.
 10817 | D:10     | Found a staircase to the Orcish Mines.
 10829 | D:10     | 10829 ||| INVOKING Heroism.
 10864 | D:10     | 10864 ||| INVOKING Heroism.
 11062 | D:10     | Noticed a two-headed ogre
 11063 | D:10     | 11063 ||| INVOKING Heroism.
 11074 | D:10     | Killed a two-headed ogre
 11075 | D:10     | Reached skill level 6 in Invocations
 11116 | D:10     | 11116 ||| DRINKING 4 potions of curing.
 11116 | D:10     | 11116 ||| (to cure confusion)
 11247 | D:10     | 11247 ||| Stepping ~*~*~tactically~*~*~ (stealth).
 11249 | D:10     | 11249 ||| Stepping ~*~*~tactically~*~*~ (stealth).
 11253 | D:10     | 11253 ||| Stepping ~*~*~tactically~*~*~ (stealth).
 11263 | D:10     | 11263 ||| INVOKING Heroism.
 11473 | D:10     | 11473 ||| READING scroll of enchant armour.
 11473 | D:10     | 11473 ||| ENCHANTING +1 plate armour of fire resistance.
 11529 | D:10     | 11529 ||| Stepping ~*~*~tactically~*~*~ (stealth).
 11540 | D:10     | 11540 ||| Stepping ~*~*~tactically~*~*~ (stealth).
 11549 | D:10     | 11549 ||| Stepping ~*~*~tactically~*~*~ (stealth).
 11553 | D:10     | 11553 ||| Stepping ~*~*~tactically~*~*~ (stealth).
 11723 | D:10     | 11723 ||| Stepping ~*~*~tactically~*~*~ (stealth).
 11725 | D:10     | 11725 ||| Stepping ~*~*~tactically~*~*~ (stealth).
 11728 | D:10     | 11728 ||| Stepping ~*~*~tactically~*~*~ (hiding).
 11729 | D:10     | 11729 ||| INVOKING Heroism.
 12004 | D:10     | 12004 ||| READING scroll labelled VEQOBU XOCHUCA.
 12030 | D:11     | 12030 ||| INVOKING Heroism.
 12112 | D:11     | 12112 ||| Stepping ~*~*~tactically~*~*~ (hiding).
 12255 | D:11     | Noticed a boulder beetle
 12256 | D:11     | 12256 ||| INVOKING Heroism.
 12281 | D:11     | Killed a boulder beetle
 12281 | D:11     | Reached ***** piety under Okawaru
 12282 | D:11     | Reached skill level 9 in Shields
 12588 | D:11     | Found a large runed translucent door.
 12588 | D:11     | Found a large runed translucent door.
 12610 | D:11     | Found a staircase to the Lair.
 12611 | D:11     | 12611 ||| INVOKING Heroism.
 12818 | D:11     | Reached skill level 3 in Throwing
 12818 | D:11     | Reached XP level 12. HP: 73/73 MP: 18/18
 12823 | D:11     | 12823 ||| READING scroll of enchant weapon.
 12823 | D:11     | 12823 ||| ENCHANTING +3 war axe.
 12892 | D:11     | 12892 ||| INVOKING Heroism.
 12896 | D:11     | 12896 ||| DRINKING 3 potions of curing.
 12896 | D:11     | 12896 ||| (to cure confusion)
 12899 | D:11     | 12899 ||| DRINKING 2 potions of curing.
 12899 | D:11     | 12899 ||| (to cure confusion)
 13017 | D:11     | 13017 ||| READING scroll of enchant armour.
 13017 | D:11     | 13017 ||| ENCHANTING +2 plate armour of fire resistance.
 13064 | D:11     | 13064 ||| SWAPPING to +0 broad axe.
 13065 | D:11     | 13065 ||| DROPPING +4 war axe.
 13479 | D:11     | 13479 ||| PLANNING LAIR
 13479 | D:11     | 13479 ||| UPGRADING to +0 helmet.
 13484 | D:11     | 13484 ||| UPGRADING to ring of willpower.
 13486 | D:11     | 13486 ||| READING 7 scrolls of identify.
 13486 | D:11     | 13486 ||| IDENTIFYING dark potion
 13509 | Lair:1   | Entered Level 1 of the Lair of Beasts
 13563 | Lair:1   | 13563 ||| INVOKING Heroism.
 13597 | Lair:1   | 13597 ||| INVOKING Heroism.
 13651 | Lair:1   | Received a gift from Okawaru
 13802 | Lair:1   | 13802 ||| INVOKING Heroism.
 13814 | Lair:1   | Reached skill level 9 in Invocations
 13860 | Lair:1   | 13860 ||| INVOKING Heroism.
 14116 | Lair:1   | 14116 ||| INVOKING Heroism.
 14310 | Lair:1   | Found a burning altar of Makhleb.
 14545 | Lair:1   | 14545 ||| UPGRADING to +6 ring of strength.
 14547 | Lair:1   | 14547 ||| DROPPING ring "Zasil" {Fly Dex+2}.
 14548 | Lair:1   | 14548 ||| DROPPING ring of willpower.
 14549 | Lair:1   | 14549 ||| READING scroll labelled XYIHOU EX XO RUEJU.
 14550 | Lair:1   | 14550 ||| READING 6 scrolls of identify.
 14550 | Lair:1   | 14550 ||| IDENTIFYING bubbling golden potion
 14664 | Lair:2   | 14664 ||| Stepping ~*~*~tactically~*~*~ (stealth).
 14666 | Lair:2   | 14666 ||| Stepping ~*~*~tactically~*~*~ (stealth).
 14667 | Lair:2   | 14667 ||| Stepping ~*~*~tactically~*~*~ (stealth).
 14669 | Lair:2   | 14669 ||| INVOKING Heroism.
 14835 | Lair:2   | 14835 ||| INVOKING Heroism.
 14851 | Lair:2   | Found a staircase to the Snake Pit.
 14931 | Lair:2   | 14931 ||| Stepping ~*~*~tactically~*~*~ (stealth).
 14954 | Lair:2   | Received a gift from Okawaru
 15000 | Lair:2   | Reached skill level 9 in Fighting
 15159 | Lair:2   | 15159 ||| FLEEEEING.
 15160 | Lair:2   | 15160 ||| FLEEEEING.
 15161 | Lair:2   | 15161 ||| FLEEEEING.
 15166 | Lair:2   | 15166 ||| INVOKING Heroism.
 15170 | Lair:2   | Received a gift from Okawaru
 15281 | Lair:2   | 15281 ||| DROPPING +2 vorpal war axe.
 15720 | Lair:2   | 15720 ||| UPGRADING to +0 pair of gloves.
 15725 | Lair:2   | 15725 ||| DRINKING 2 fizzy black potions.
 15749 | Lair:2   | 15749 ||| READING 6 scrolls of identify.
 15749 | Lair:2   | 15749 ||| IDENTIFYING grey potion
 15750 | Lair:2   | 15750 ||| DROPPING potion of ambrosia.
 15794 | Lair:3   | 15794 ||| Stepping ~*~*~tactically~*~*~ (stealth).
 15821 | Lair:3   | 15821 ||| Stepping ~*~*~tactically~*~*~ (hiding).
 15968 | Lair:3   | 15968 ||| Stepping ~*~*~tactically~*~*~ (stealth).
 16031 | Lair:3   | Found a runed translucent gate.
 16031 | Lair:3   | Found a runed translucent gate.
 16034 | Lair:3   | Found a runed translucent gate.
 16034 | Lair:3   | Noticed qw's ghost (journeyman GrFi)
 16038 | Lair:3   | 16038 ||| INVOKING Heroism.
 16246 | Lair:3   | 16246 ||| INVOKING Heroism.
 16485 | Lair:3   | Identified the +9 whip of Uplied {vorpal, rCorr}
 16531 | Lair:3   | 16531 ||| FLEEEEING.
 16644 | Lair:3   | 16644 ||| INVOKING Heroism.
 16696 | Lair:3   | Found a staircase to the Swamp.
 16697 | Lair:3   | 16697 ||| INVOKING Heroism.
 16703 | Lair:3   | Reached XP level 13. HP: 52/80 MP: 17/20
 16709 | Lair:3   | 16709 ||| FLEEEEING.
 17004 | Lair:3   | 17004 ||| INVOKING Heroism.
 17071 | Lair:3   | Noticed Sonja
 17072 | Lair:3   | 17072 ||| Stepping ~*~*~tactically~*~*~ (hiding).
 17074 | Lair:3   | 17074 ||| INVOKING Finesse.
 17090 | Lair:3   | 17090 ||| Stepping ~*~*~tactically~*~*~ (hiding).
 17129 | Lair:3   | 17129 ||| INVOKING Finesse.
 17133 | Lair:3   | Killed Sonja
 17460 | Lair:3   | 17460 ||| READING scroll labelled CAS XEFREECWYV.
 17460 | Lair:3   | Identified a scroll of acquirement
 17460 | Lair:3   | 17460 ||| ACQUIRING 664 gold pieces
 17460 | Lair:3   | Acquired 664 gold pieces
 17523 | Lair:4   | Reached skill level 13 in Axes
 17612 | Lair:4   | 17612 ||| Stepping ~*~*~tactically~*~*~ (stealth).
 17613 | Lair:4   | 17613 ||| INVOKING Heroism.
 17616 | Lair:4   | 17616 ||| Stepping ~*~*~tactically~*~*~ (stealth).
 17630 | Lair:4   | 17630 ||| INVOKING Heroism.
 17639 | Lair:4   | Identified the +0 kite shield of Least Resistance {Harm
                  | Dex+4} (Okawaru gifted it to you on level 4 of the Lair of
                  | Beasts)
 17639 | Lair:4   | Received a gift from Okawaru
 17647 | Lair:4   | Reached skill level 9 in Armour
 17711 | Lair:4   | 17711 ||| Stepping ~*~*~tactically~*~*~ (stealth).
 17713 | Lair:4   | 17713 ||| Stepping ~*~*~tactically~*~*~ (stealth).
 17799 | Lair:4   | 17799 ||| Stepping ~*~*~tactically~*~*~ (hiding).
 17808 | Lair:4   | 17808 ||| FLEEEEING.
 17809 | Lair:4   | 17809 ||| FLEEEEING.
 17810 | Lair:4   | 17810 ||| FLEEEEING.
 17812 | Lair:4   | 17812 ||| FLEEEEING.
 17813 | Lair:4   | 17813 ||| FLEEEEING.
 17814 | Lair:4   | 17814 ||| FLEEEEING.
 17815 | Lair:4   | 17815 ||| FLEEEEING.
 17816 | Lair:4   | 17816 ||| FLEEEEING.
 17817 | Lair:4   | 17817 ||| FLEEEEING.
 17821 | Lair:4   | 17821 ||| FLEEEEING.
 17822 | Lair:4   | 17822 ||| FLEEEEING.
 17823 | Lair:4   | 17823 ||| FLEEEEING.
 17824 | Lair:4   | 17824 ||| FLEEEEING.
 17825 | Lair:4   | 17825 ||| FLEEEEING.
 17826 | Lair:4   | 17826 ||| FLEEEEING.
 17827 | Lair:4   | 17827 ||| FLEEEEING.
 17828 | Lair:4   | 17828 ||| FLEEEEING.
 17829 | Lair:4   | 17829 ||| FLEEEEING.
 17832 | Lair:4   | 17832 ||| Stepping ~*~*~tactically~*~*~ (stealth).
 17839 | Lair:4   | 17839 ||| INVOKING Heroism.
 17999 | Lair:4   | 17999 ||| INVOKING Heroism.
 18144 | Lair:4   | 18144 ||| INVOKING Heroism.
 18339 | Lair:4   | Found a runed translucent door.
 18351 | Lair:4   | Found a staircase to the Slime Pits.
 18433 | Lair:4   | 18433 ||| INVOKING Heroism.
 18442 | Lair:4   | 18442 ||| Stepping ~*~*~tactically~*~*~ (stealth).
 18443 | Lair:4   | 18443 ||| Stepping ~*~*~tactically~*~*~ (stealth).
 18622 | Lair:4   | 18622 ||| UPGRADING to +1 pair of gloves.
 18632 | Lair:4   | 18632 ||| DROPPING +0 pair of gloves.
 18689 | Lair:5   | Entered Level 5 of the Lair of Beasts
 18712 | Lair:5   | 18712 ||| INVOKING Heroism.
 18857 | Lair:5   | Identified the +1 leather armour of Zadef {Harm *Slow rPois
                  | MP+9}
 18952 | Lair:5   | 18952 ||| Stepping ~*~*~tactically~*~*~ (hiding).
 18960 | Lair:5   | Reached skill level 14 in Axes
 18964 | Lair:5   | 18964 ||| INVOKING Heroism.
 18965 | Lair:5   | 18965 ||| INVOKING Finesse.
 19020 | Lair:5   | 19020 ||| INVOKING Heroism.
 19169 | Lair:5   | 19169 ||| Stepping ~*~*~tactically~*~*~ (stealth).
 19172 | Lair:5   | 19172 ||| Stepping ~*~*~tactically~*~*~ (stealth).
 19203 | Lair:5   | 19203 ||| Stepping ~*~*~tactically~*~*~ (stealth).
 19355 | Lair:5   | 19355 ||| INVOKING Heroism.
 19434 | Lair:5   | 19434 ||| INVOKING Heroism.
 19460 | Lair:5   | 19460 ||| Stepping ~*~*~tactically~*~*~ (stealth).
 19461 | Lair:5   | 19461 ||| Stepping ~*~*~tactically~*~*~ (stealth).
 19462 | Lair:5   | 19462 ||| Stepping ~*~*~tactically~*~*~ (stealth).
 19471 | Lair:5   | 19471 ||| Stepping ~*~*~tactically~*~*~ (stealth).
 19477 | Lair:5   | 19477 ||| INVOKING Heroism.
 19526 | Lair:5   | 19526 ||| INVOKING Heroism.
 19527 | Lair:5   | 19527 ||| Stepping ~*~*~tactically~*~*~ (hiding).
 19528 | Lair:5   | 19528 ||| INVOKING Finesse.
 19534 | Lair:5   | Received a gift from Okawaru
 19538 | Lair:5   | Received a gift from Okawaru
 19539 | Lair:5   | Reached skill level 12 in Shields
 19539 | Lair:5   | Gained mutation: Your large and strong wings let you fly.
                  | [Gargoyle growth]
 19539 | Lair:5   | Reached XP level 14. HP: 83/90 MP: 14/21
 19555 | Lair:5   | Noticed a dire elephant
 19556 | Lair:5   | 19556 ||| Stepping ~*~*~tactically~*~*~ (stealth).
 19604 | Lair:5   | 19604 ||| Stepping ~*~*~tactically~*~*~ (stealth).
 19626 | Lair:5   | 19626 ||| Stepping ~*~*~tactically~*~*~ (stealth).
 19631 | Lair:5   | 19631 ||| INVOKING Heroism.
 19640 | Lair:5   | 19640 ||| INVOKING Finesse.
 19647 | Lair:5   | Killed a dire elephant
 19648 | Lair:5   | 19648 ||| SWAPPING to +1 demon whip of venom.
 19662 | Lair:5   | 19662 ||| SWAPPING to +0 broad axe.
 19759 | Lair:5   | 19759 ||| Stepping ~*~*~tactically~*~*~ (stealth).
 19785 | Lair:5   | 19785 ||| Stepping ~*~*~tactically~*~*~ (stealth).
 19957 | Lair:5   | 19957 ||| INVOKING Heroism.
 19958 | Lair:5   | 19958 ||| INVOKING Finesse.
 19960 | Lair:5   | 19960 ||| SWAPPING to +1 demon whip of venom.
 19971 | Lair:5   | 19971 ||| SWAPPING to +0 broad axe.
 20082 | Lair:5   | 20082 ||| Stepping ~*~*~tactically~*~*~ (stealth).
 20093 | Lair:5   | 20093 ||| INVOKING Heroism.
 20100 | Lair:5   | 20100 ||| SWAPPING to +1 demon whip of venom.
 20101 | Lair:5   | 20101 ||| INVOKING Finesse.
 20112 | Lair:5   | 20112 ||| SWAPPING to +0 broad axe.
 20219 | Lair:5   | 20219 ||| Stepping ~*~*~tactically~*~*~ (hiding).
 20465 | Lair:5   | 20465 ||| PLANNING D
 20465 | Lair:5   | 20465 ||| DROPPING +1 pair of gloves of stealth.
 20466 | Lair:5   | 20466 ||| UPGRADING to amulet of the acrobat.
 20680 | D:12     | 20680 ||| INVOKING Heroism.
 20697 | D:12     | 20697 ||| Stepping ~*~*~tactically~*~*~ (stealth).
 20730 | D:12     | 20730 ||| INVOKING Heroism.
 20779 | D:12     | 20779 ||| INVOKING Heroism.
 20780 | D:12     | 20780 ||| INVOKING Finesse.
 20812 | D:12     | Reached skill level 15 in Axes
 21076 | D:12     | Found a runed translucent door.
 21078 | D:12     | Noticed qw's ghost (journeyman GrFi)
 21271 | D:13     | 21271 ||| Stepping ~*~*~tactically~*~*~ (hiding).
 21272 | D:13     | 21272 ||| Stepping ~*~*~tactically~*~*~ (hiding).
 21275 | D:13     | 21275 ||| Stepping ~*~*~tactically~*~*~ (hiding).
 21373 | D:13     | Found a runed translucent gate.
 21373 | D:13     | Found a runed translucent gate.
 21375 | D:13     | Found a runed translucent gate.
 21376 | D:13     | 21376 ||| Stepping ~*~*~tactically~*~*~ (hiding).
 21376 | D:13     | Found an opulent altar of Gozag.
 21380 | D:13     | 21380 ||| FLEEEEING.
 21381 | D:13     | 21381 ||| Stepping ~*~*~tactically~*~*~ (hiding).
 21382 | D:13     | 21382 ||| INVOKING Heroism.
 21401 | D:13     | 21401 ||| READING 2 scrolls of teleportation.
 21410 | D:13     | 21410 ||| READING scroll of teleportation.
 21611 | D:13     | 21611 ||| Stepping ~*~*~tactically~*~*~ (stealth).
 21615 | D:13     | 21615 ||| Stepping ~*~*~tactically~*~*~ (stealth).
 21616 | D:13     | 21616 ||| Stepping ~*~*~tactically~*~*~ (stealth).
 21621 | D:13     | Reached skill level 12 in Fighting
 21730 | D:13     | 21730 ||| Stepping ~*~*~tactically~*~*~ (stealth).
 21750 | D:13     | 21750 ||| Stepping ~*~*~tactically~*~*~ (stealth).
 21751 | D:13     | 21751 ||| INVOKING Heroism.
 21768 | D:13     | Noticed Iplucs's ghost (journeyman FeBe)
 21772 | D:13     | Found Wedos's Assorted Antiques.
 21791 | D:13     | 21791 ||| INVOKING Heroism.
 21804 | D:13     | Reached skill level 3 in Dodging
 21875 | D:13     | 21875 ||| FLEEEEING.
 21883 | D:13     | 21883 ||| STAIRDANCE
 21968 | D:12     | 21968 ||| DROPPING amulet of guardian spirit.
 22198 | D:13     | Identified the +7 hand axe "Yroynial" {vorpal, rN+ Int+4}
                  | (Okawaru gifted it to you on level 13 of the Dungeon)
 22198 | D:13     | Received a gift from Okawaru
 22646 | D:14     | 22646 ||| INVOKING Heroism.
 22647 | D:14     | 22647 ||| INVOKING Finesse.
 22695 | D:14     | Found a gate to the Vaults.
 22695 | D:14     | Noticed an ironbound preserver
 22708 | D:14     | 22708 ||| INVOKING Heroism.
 22713 | D:14     | Killed an ironbound preserver
 22953 | D:14     | 22953 ||| INVOKING Heroism.
 22954 | D:14     | 22954 ||| SWAPPING to +1 demon whip of venom.
 22955 | D:14     | 22955 ||| INVOKING Finesse.
 22962 | D:14     | 22962 ||| SWAPPING to +0 broad axe.
 22971 | D:14     | Reached XP level 15. HP: 77/96 MP: 15/22
 23089 | D:14     | 23089 ||| INVOKING Heroism.
 23095 | D:14     | Reached skill level 16 in Axes
 23284 | D:14     | 23284 ||| INVOKING Heroism.
 23291 | D:14     | Received a gift from Okawaru
 23569 | D:14     | 23569 ||| DRINKING 4 potions of curing.
 23569 | D:14     | 23569 ||| (to cure confusion)
 23634 | D:14     | 23634 ||| INVOKING Heroism.
 23663 | D:14     | 23663 ||| INVOKING Heroism.
 24024 | D:14     | 24024 ||| DROPPING ring of wizardry.
 24069 | D:15     | Entered Level 15 of the Dungeon
 24077 | D:15     | Found a staircase to the Depths.
 24078 | D:15     | 24078 ||| INVOKING Heroism.
 24090 | D:15     | 24090 ||| Stepping ~*~*~tactically~*~*~ (stealth).
 24268 | D:15     | 24268 ||| Stepping ~*~*~tactically~*~*~ (hiding).
 24372 | D:15     | 24372 ||| INVOKING Heroism.
 24513 | D:15     | Noticed Rupert
 24514 | D:15     | 24514 ||| INVOKING Heroism.
 24515 | D:15     | 24515 ||| INVOKING Finesse.
 24516 | D:15     | 24516 ||| INVOKING Finesse.
 24526 | D:15     | Killed Rupert
 24613 | D:15     | 24613 ||| INVOKING Heroism.
 24817 | D:15     | 24817 ||| Stepping ~*~*~tactically~*~*~ (hiding).
 24883 | D:15     | 24883 ||| INVOKING Heroism.
 24889 | D:15     | HP: 24/96 [??? (6)]
 24890 | D:15     | 24890 ||| DRINKING 9 potions of heal wounds.
 24896 | D:15     | HP: 7/96 [phantasmal warrior[a death knight] (20)]
 24897 | D:15     | 24897 ||| DRINKING 8 potions of heal wounds.
 24898 | D:15     | 24898 ||| DRINKING 7 potions of heal wounds.
 24904 | D:15     | HP: 20/96 [death knight/+1 broad axe (19)]
 24905 | D:15     | 24905 ||| DRINKING 6 potions of heal wounds.
 24907 | D:15     | Received a gift from Okawaru
 25135 | D:15     | 25135 ||| DROPPING +1 demon whip of venom.
 25136 | D:15     | 25136 ||| DROPPING +9 whip of Uplied {vorpal, rCorr}.
 25139 | D:15     | 25139 ||| SWAPPING to +1 broad axe.
 25140 | D:15     | 25140 ||| DROPPING +0 broad axe.
 25160 | D:15     | Noticed Agnes
 25161 | D:15     | 25161 ||| INVOKING Heroism.
 25162 | D:15     | 25162 ||| INVOKING Finesse.
 25171 | D:15     | Killed Agnes
 25395 | D:15     | 25395 ||| Stepping ~*~*~tactically~*~*~ (hiding).
 25458 | D:15     | 25458 ||| Stepping ~*~*~tactically~*~*~ (hiding).
 25471 | D:15     | 25471 ||| INVOKING Heroism.
 25611 | D:15     | 25611 ||| INVOKING Heroism.
 25735 | D:15     | 25735 ||| PLANNING ORC
 25735 | D:15     | 25735 ||| DROPPING +6 ring of intelligence.
 25857 | Orc:1    | Entered Level 1 of the Orcish Mines
 25858 | Orc:1    | 25858 ||| Stepping ~*~*~tactically~*~*~ (hiding).
 25862 | Orc:1    | 25862 ||| Stepping ~*~*~tactically~*~*~ (hiding).
 25863 | Orc:1    | 25863 ||| Stepping ~*~*~tactically~*~*~ (hiding).
 25864 | Orc:1    | 25864 ||| Stepping ~*~*~tactically~*~*~ (hiding).
 25906 | Orc:1    | 25906 ||| INVOKING Heroism.
 25925 | Orc:1    | 25925 ||| Stepping ~*~*~tactically~*~*~ (stealth).
 25935 | Orc:1    | 25935 ||| Stepping ~*~*~tactically~*~*~ (stealth).
 25936 | Orc:1    | 25936 ||| Stepping ~*~*~tactically~*~*~ (stealth).
 25983 | Orc:1    | 25983 ||| Stepping ~*~*~tactically~*~*~ (stealth).
 25985 | Orc:1    | 25985 ||| Stepping ~*~*~tactically~*~*~ (stealth).
 25987 | Orc:1    | 25987 ||| Stepping ~*~*~tactically~*~*~ (stealth).
 25993 | Orc:1    | 25993 ||| INVOKING Heroism.
 26066 | Orc:1    | 26066 ||| Stepping ~*~*~tactically~*~*~ (stealth).
 26068 | Orc:1    | 26068 ||| Stepping ~*~*~tactically~*~*~ (stealth).
 26109 | Orc:1    | 26109 ||| Stepping ~*~*~tactically~*~*~ (hiding).
 26110 | Orc:1    | 26110 ||| Stepping ~*~*~tactically~*~*~ (hiding).
 26111 | Orc:1    | 26111 ||| Stepping ~*~*~tactically~*~*~ (hiding).
 26146 | Orc:1    | 26146 ||| Stepping ~*~*~tactically~*~*~ (stealth).
 26147 | Orc:1    | 26147 ||| Stepping ~*~*~tactically~*~*~ (hiding).
 26148 | Orc:1    | 26148 ||| Stepping ~*~*~tactically~*~*~ (hiding).
 26151 | Orc:1    | 26151 ||| INVOKING Heroism.
 26163 | Orc:1    | 26163 ||| Stepping ~*~*~tactically~*~*~ (hiding).
 26164 | Orc:1    | 26164 ||| Stepping ~*~*~tactically~*~*~ (hiding).
 26165 | Orc:1    | 26165 ||| Stepping ~*~*~tactically~*~*~ (hiding).
 26169 | Orc:1    | 26169 ||| INVOKING Heroism.
 26343 | Orc:1    | 26343 ||| INVOKING Heroism.
 26361 | Orc:1    | Received a gift from Okawaru
 26530 | Orc:2    | Entered Level 2 of the Orcish Mines
 26530 | Orc:2    | Found a staircase to the Elven Halls.
 26531 | Orc:2    | 26531 ||| INVOKING Heroism.
 26574 | Orc:2    | Reached skill level 6 in Throwing
 26595 | Orc:2    | 26595 ||| FLEEEEING.
 26596 | Orc:2    | 26596 ||| FLEEEEING.
 26597 | Orc:2    | 26597 ||| STAIRDANCE
 26703 | Orc:2    | 26703 ||| STAIRDANCE
 26732 | Orc:2    | Found Jusaimpi's Distillery.
 26758 | Orc:2    | 26758 ||| Stepping ~*~*~tactically~*~*~ (stealth).
 26760 | Orc:2    | 26760 ||| Stepping ~*~*~tactically~*~*~ (stealth).
 26761 | Orc:2    | 26761 ||| INVOKING Heroism.
 26764 | Orc:2    | 26764 ||| Stepping ~*~*~tactically~*~*~ (stealth).
 26896 | Orc:2    | 26896 ||| BUYING potion of attraction (45 gold).
 26896 | Orc:2    | Bought a potion of attraction for 45 gold pieces
 26896 | Orc:2    | 26896 ||| BUYING potion of curing (45 gold).
 26896 | Orc:2    | Bought a potion of curing for 45 gold pieces
 26896 | Orc:2    | 26896 ||| BUYING potion of curing (45 gold).
 26896 | Orc:2    | Bought a potion of curing for 45 gold pieces
 26896 | Orc:2    | 26896 ||| BUYING potion of curing (45 gold).
 26896 | Orc:2    | Bought a potion of curing for 45 gold pieces
 26896 | Orc:2    | 26896 ||| BUYING potion of haste (150 gold).
 26896 | Orc:2    | Bought a potion of haste for 150 gold pieces
 26896 | Orc:2    | 26896 ||| BUYING potion of haste (150 gold).
 26896 | Orc:2    | Bought a potion of haste for 150 gold pieces
 26896 | Orc:2    | 26896 ||| BUYING potion of might (60 gold).
 26896 | Orc:2    | Bought a potion of might for 60 gold pieces
 26978 | Orc:2    | 26978 ||| Stepping ~*~*~tactically~*~*~ (hiding).
 26979 | Orc:2    | 26979 ||| Stepping ~*~*~tactically~*~*~ (hiding).
 26980 | Orc:2    | 26980 ||| Stepping ~*~*~tactically~*~*~ (hiding).
 26981 | Orc:2    | 26981 ||| Stepping ~*~*~tactically~*~*~ (hiding).
 26982 | Orc:2    | 26982 ||| INVOKING Heroism.
 27019 | Orc:2    | HP: 12/96 [orc warrior/+0 glaive (14)]
 27019 | Orc:2    | HP: 5/96 [orc warrior/bolt (7)]
 27020 | Orc:2    | 27020 ||| DRINKING 5 potions of heal wounds.
 27025 | Orc:2    | HP: 6/96 [orc warrior/+0 glaive (23)]
 27025 | Orc:2    | Slain by an orc knight

Levels and vault maps discovered:
D:1:      evilmike_arrival_crescent, layout_basic, ebering_ecumenical_altar_box,
          hex_tiny
D:2:      layout_loops_ring, minmay_fractal_squares_5, uniq_crazy_yiuf_cottage
D:3:      layout_basic
D:4:      layout_basic, minmay_temple_entry_waves, serial_glass,
          glass_columns_a, glass_columns_c, gammafunk_ghost_smash, minmay_cupped
D:5:      layout_loops_ring, serial_shops, nicolae_shop_trees,
          nicolae_eternal_life
D:6:      nicolae_BIG_FREAKIN_CUBE, layout_cave_pools,
          grunt_temple_overflow_cloverleaf, uniq_prince_ribbit1, uniq_maggie,
          uniq_pikel, uniq_menkaure
D:7:      layout_gridville, serial_bayou, serial_bayou_lagoon_a,
          serial_bayou_pond_e, serial_bayou_lake_a, serial_bayou_crossing,
          serial_bayou_shore_b, serial_bayou_ford_a, ebering_ghost_rock_garden
D:8:      layout_loops_ring, nemelex_xobeh_ov_fountains_minmay, uniq_amaemon,
          uniq_psyche
D:9:      layout_long_grid, evilmike_ruin_ashenzari, enter_bailey_4
D:10:     layout_basic, erik_orc_4, serial_curves, eino_curves_04,
          eino_curves_02, st_stairs_10, uniq_grum
D:11:     layout_grid_maze, david_lair_generic, grunt_ministairs_6,
          lightli_elemental_guards
D:12:     layout_cave_pools, ebering_ghost_reflecting_pool
D:13:     layout_basic, ebering_ghost_gozag
D:14:     layout_roguey, skrybe_vaults_entry_preservation,
          kennysheep_minor_cross, grunt_decor_arrowhead, columned_hall_lemuel
D:15:     grunt_enter_depths_giant_problem, layout_loops_ring,
          kennysheep_crisscross, minmay_three_doors, uniq_rupert, uniq_agnes
Temple:   compressed_dpeg_triangle_lava_temple
Lair:1:   layout_small_grid, basic_altar, grunt_megastairs_3,
          infiniplex_staircase_pool_2
Lair:2:   layout_regular_city, minmay_snake_entry_six_corridors,
          portal_ice_cave_demonic_guard, enter_volcano_4
Lair:3:   layout_cave_pods, nicolae_swamp_entry_splash_gauntlet,
          ebering_ghost_rock_garden, uniq_sonja
Lair:4:   layout_roguey, slime_entry_2, amcnicky_mini_pool_medium
Lair:5:   grunt_lair_end_beastmaster, layout_regular_city
Orc:1:    layout_diamond_mine, mines5_lemuel
Orc:2:    st_orc_rangers, layout_caves, serial_shops,
          nicolae_shop_competitors_out_of_business, nicolae_shop_clearance

Skill      XL: |  1  2  3  4  5  6  7  8  9 10 11 12 13 14 15 |
---------------+----------------------------------------------+-----
Axes           | 2 3 4 5 12 14 15 16 | 16.4
Dodging        | 1 2 3 |  3.0
Throwing       | 1 3 4 6 |  6.5
Fighting       | 4 5 6 8 9 11 12 | 12.0
Invocations    | 2 4 8 10 | 10.0
Armour         | 4 5 6 8 9 10 11 | 11.1
Shields        | 4 6 9 10 12 13 | 13.0

Action                   |  1- 3 |  4- 6 |  7- 9 | 10-12 | 13-15 || total
-------------------------+-------+-------+-------+-------+-------++-------
Melee: War axe           |   106 |   176 |   127 |   457 |       ||   866
       Broad axe         |       |       |       |   216 |  1176 ||  1392
       Demon whip        |       |       |       |       |    35 ||    35
Throw: Boomerang         |       |    18 |    10 |       |       ||    28
       Javelin           |       |       |       |    45 |    41 ||    86
Invok: Heroism           |       |       |     6 |    40 |    46 ||    92
       Finesse           |       |       |       |       |    12 ||    12
  Use: Scroll            |     6 |    14 |     3 |    13 |     3 ||    39
       Potion            |       |       |     2 |     7 |     6 ||    15
 Stab: Petrifying        |       |       |       |       |     1 ||     1
       Petrified         |       |       |       |       |     1 ||     1
       Distracted        |       |       |       |       |     1 ||     1
Armor: Scale mail        |    39 |    85 |     4 |       |       ||   128
       Plate armour      |       |       |    45 |   257 |   572 ||   874
Dodge: Dodged            |    51 |   108 |    48 |   274 |   513 ||   994
Block: Buckler           |    21 |    34 |    23 |    28 |       ||   106
       Kite shield       |       |       |       |   271 |   688 ||   959

Table legend:
 A = Non-vault XP
 B = Vault XP
 C = Vault XP percentage of total XP
 D = Non-vault monster count
 E = Vault monster count
 F = Vault count percentage of total count
                 A         B        C        D         E       F
            +---------+---------+-------+---------+---------+-------
      Total |   81678 |   39630 |  32.7 |     469 |     148 |  24.0
            +---------+---------+-------+---------+---------+-------
        D:1 |      54 |       0 |   0.0 |      24 |       0 |   0.0
        D:2 |      30 |      11 |  26.8 |      12 |       8 |  40.0
        D:3 |     179 |       0 |   0.0 |      31 |       0 |   0.0
        D:4 |     336 |       3 |   0.9 |      20 |       2 |   9.1
        D:5 |     365 |       0 |   0.0 |       7 |       0 |   0.0
        D:6 |     734 |    1457 |  66.5 |      15 |       4 |  21.1
        D:7 |    1011 |       0 |   0.0 |      16 |       0 |   0.0
        D:8 |    1162 |    1524 |  56.7 |      30 |       3 |   9.1
        D:9 |    2933 |      12 |   0.4 |      23 |       5 |  17.9
       D:10 |    2528 |    2195 |  46.5 |      29 |      24 |  45.3
       D:11 |    2308 |    1477 |  39.0 |       8 |       6 |  42.9
       D:12 |    6146 |       0 |   0.0 |      21 |       0 |   0.0
       D:13 |    8325 |       0 |   0.0 |      23 |       0 |   0.0
       D:14 |    8277 |    5347 |  39.2 |      21 |       9 |  30.0
       D:15 |   10296 |    7144 |  41.0 |      18 |       6 |  25.0
     Lair:1 |    3021 |     355 |  10.5 |      14 |       1 |   6.7
     Lair:2 |    2501 |    3316 |  57.0 |      12 |      11 |  47.8
     Lair:3 |    3612 |    2691 |  42.7 |      12 |       7 |  36.8
     Lair:4 |    9056 |     905 |   9.1 |      34 |       2 |   5.6
     Lair:5 |   12569 |    8355 |  39.9 |      32 |      17 |  34.7
      Orc:1 |    4062 |    1557 |  27.7 |      37 |      11 |  22.9
      Orc:2 |    2173 |    3281 |  60.2 |      30 |      32 |  51.6
            +---------+---------+-------+---------+---------+-------
